 Dungeon Crawl Stone Soup version 0.27-a0-412-g8dd771eca2 (webtiles) character file.

Game seed: 16170025226217374057

53 Froggeryz the Sneak (level 3, -1/30 HPs)
             Began as a Demigod Delver on Feb 24, 2021.
             Splashed by a jelly's acid (10 damage)
             ... on level 2 of the Dungeon.
             The game lasted 00:02:06 (1864 turns).

Froggeryz the Sneak (Demigod Delver)                Turns: 1864, Time: 00:02:06

Health: -1/30      AC: -2    Str: 17    XL:     3   Next: 41%
Magic:  5/5        EV: 11    Int: 12    God:
Gold:   82         SH:  0    Dex: 15    Spells: 2/2 levels left

rFire    . . .     SeeInvis .   a - +0 hand axe
rCold    . . .     Faith    .   (no shield)
rNeg     . . .     Spirit   .   i - +0 ring mail
rPois    .         Reflect  .   q - +0 helmet
rElec    .         Harm     .   (no cloak)
rCorr    .         Rampage  .   (no gloves)
Will     .....                  (no boots)
Stlth    ++........             k - amulet of regeneration
HPRegen  1.10/turn              (no ring)
MPRegen  0.09/turn              (no ring)

@: corroded
A: high mp 1
a: no special abilities


You were on level 2 of the Dungeon.
You visited 1 branch of the dungeon, and saw 5 of its levels.

You collected 82 gold pieces.

Inventory:

Hand Weapons
 a - a +0 hand axe (weapon)
Missiles
 l - 4 poisoned darts (quivered)
Armour
 i - a +0 ring mail (worn)
 q - a +0 helmet (worn)
Jewellery
 k - an amulet of regeneration (around neck)
Wands
 g - a wand of digging (3)
Scrolls
 c - a scroll of fog
 d - a scroll of magic mapping
 e - a scroll of fear
 j - 6 scrolls of identify {unknown}
 n - a scroll of teleportation {unknown}
 p - a scroll of amnesia {unknown}
 r - a scroll of enchant weapon {unknown}
Potions
 b - a potion of attraction {unknown}
 f - 2 potions of haste
 h - a potion of cancellation {unknown}
 m - a potion of curing {unknown}
 o - 2 potions of brilliance {unknown}


   Skills:
 - Level 2.6 Fighting
 * Level 3.3 Axes
 + Level 1.2 Throwing
 - Level 1.7 Dodging
 - Level 4.5 Stealth


You had 2 spell levels left.
You didn't know any spells.
Your spell library was empty.

Dungeon Overview and Level Annotations

Branches:
Dungeon (5/15)
 Temple: D:4-7

Shops:
D:5 (


Innate Abilities, Weirdness & Mutations

You have an increased reservoir of magic. (+10% MP)


Message History

The jelly closely misses you.
You barely miss the jelly. The jelly barely misses you.
You hit the jelly.
Your hands burn!
The jelly is moderately wounded.
The jelly barely misses you.
You completely miss the jelly.
The jelly is moderately wounded.
The jelly barely misses you. The jelly hits you.
You are splashed with acid!
You hit the jelly.
Your hands burn!
The jelly is heavily wounded.
The jelly hits you but does no damage.
You are too injured to fight recklessly!
You are too injured to fight recklessly!
You are too injured to fight recklessly!
You hit the jelly. The acid corrodes you!
Your hands burn!
The jelly is almost dead.
The jelly barely misses you.
You hit the jelly but do no damage.
Your hands burn!
* * * LOW HITPOINT WARNING * * *
The jelly is severely wounded.
The jelly completely misses you.
You hit the jelly but do no damage.
Your hands burn!
* * * LOW HITPOINT WARNING * * *
The jelly is severely wounded.
The jelly barely misses you.
You hit the jelly but do no damage.
Your hands burn!
* * * LOW HITPOINT WARNING * * *
The jelly is severely wounded.
The jelly barely misses you.
You barely miss the jelly.
The jelly is severely wounded.
The jelly closely misses you.
You hit the jelly but do no damage.
Your hands burn!
* * * LOW HITPOINT WARNING * * *
The jelly is severely wounded.
The jelly closely misses you. The jelly hits you.
* * * LOW HITPOINT WARNING * * *
The acid corrodes you!
You are splashed with acid!
You die...

#.#
#.#..#.#.##....
#.#
#.#..#.#.##....
#.#
#.#....#.##....
#.#
##.##.###.##....
#.# #.....#
.##.... #.#
####### #....
#.# #....
##.###########
#....
#....@J.......
#....
##############
#####


You could see a jelly.

Vanquished Creatures
  4 worms (D:2)
  A leopard gecko (D:1)
  A giant cockroach (D:2)
  3 goblins
  5 hobgoblins
  A quokka (D:2)
  A ball python (D:1)
  7 bats
  2 frilled lizards
  9 kobolds
  5 rats (D:1)
39 creatures vanquished.

Notes
Turn   | Place    | Note
-------+----------+-------------------------------------------
     0 | D:5      | Froggeryz the Demigod Delver began the quest for the Orb.
     0 | D:5      | Reached XP level 1. HP: 18/18 MP: 3/3
     7 | D:5      | Found Mumaduta's Antique Weapon Boutique.
     9 | D:5      | Noticed a scorpion
   343 | D:1      | Reached XP level 2. HP: 25/25 MP: 4/4
  1243 | D:2      | Reached XP level 3. HP: 30/30 MP: 5/5
  1270 | D:2      | Reached skill level 1 in Throwing
  1864 | D:2      | Splashed by a jelly's acid

Illustrated notes

Levels and vault maps discovered:
D:1:      nicolae_arrival_somewhat_less_tricky_arrival, layout_basic
D:2:      layout_basic
D:3:      layout_rooms
D:4:      layout_basic, grunt_temple_overflow_growth_and_decay,
          cheibriados_altar_1, minmay_misc_feat_secret_circle
D:5:      layout_gridville, zin_academy, serial_shops, shop, shop, shop, shop,
          shop_statue, wad_floor_pattern_1, grunt_decor_mini_mirrors

Skill      XL: |  1  2  3 |
---------------+----------+-----
Axes           | 2 3 |  3.3
Throwing       | 1 |  1.2
Fighting       | |  2.6
Dodging        | |  1.7
Stealth        | |  4.5

Action                   || total
-------------------------++-------
Melee: Hand axe          ||   147
 Stab: Sleeping          ||     7
Armor: Ring mail         ||    38
       Leather armour    ||     1
Dodge: Dodged            ||    85

Table legend: (Time is in decaauts)
 A = Elapsed time spent in this place.
 B = Non-inter-level travel time spent in this place.
 C = Inter-level travel time spent in this place.
 D = Time resting spent in this place.
 E = Time spent auto-exploring this place.
 F = Levels seen in this place.
 G = Mean time per level.
                   A        B        C        D        E       F      G
               +--------+--------+--------+--------+--------+-----+--------+
         Total |   1886 |   1865 |     21 |      0 |   1402 |   5 |  377.2 |
       Dungeon |   1886 |   1865 |     21 |      0 |   1402 |   5 |  377.2 |
               +--------+--------+--------+--------+--------+-----+--------+

Top non-repeatable levels by time:
     D:1: 916 daAuts
     D:2: 879 daAuts
     D:4: 53 daAuts
     D:3: 23 daAuts
     D:5: 13 daAuts
